 Dungeon Crawl Stone Soup version 0.23.2-1-ga50397a6bc (webtiles) character file.

Game seed: 11399240104843009767

23 Banto the Caller (level 2, -3/23 HPs)
             Began as a Demigod Wanderer on May 10, 2019.
             Slain by a goblin
             ... wielding a +0 short sword
              (5 damage)
             ... on level 1 of the Dungeon.
             The game lasted 00:00:19 (227 turns).

Banto the Caller (Demigod Wanderer)                  Turns: 227, Time: 00:00:19

Health: -3/23      AC:  2    Str: 15    XL:     2   Next: 54%
Magic:  7/7        EV: 11    Int: 16    God:
Gold:   34         SH:  0    Dex: 15    Spells: 5/5 levels left

rFire    . . .     SeeInvis .   a - +2 hand crossbow
rCold    . . .     Gourm    .   (no shield)
rNeg     . . .     Faith    .   e - +0 robe
rPois    .         Spirit   .   (no helmet)
rElec    .         Reflect  .   (no cloak)
rCorr    .         Harm     .   (no gloves)
MR       .....                  (no boots)
Stlth    +.........             (no amulet)
HPRegen  0.07/turn              (no ring)
MPRegen  0.10/turn              (no ring)

@: no status effects
A: high mp 1
a: no special abilities


You were on level 1 of the Dungeon.
You were not hungry.

You visited 1 branch of the dungeon, and saw 1 of its levels.

You collected 34 gold pieces.

Inventory:

Hand Weapons
 a - a +2 hand crossbow (weapon)
Missiles
 b - 8 bolts (quivered)
Armour
 e - a +0 robe (worn)
Scrolls
 c - a scroll of identify {unknown}
 d - 2 scrolls of teleportation
Comestibles
 f - 2 rations


   Skills:
 + Level 1.3 Fighting
 + Level 1.4 Crossbows
 + Level 1.0 Armour
 + Level 2.4 Spellcasting
   Level 2.6 Summonings
   Level 1.7 Evocations


You had 5 spell levels left.
You didn't know any spells.
Your spell library contained the following spells:

 Spells                   Type           Power        Failure   Level  Hunger
 Passwall                 Tmut/Erth      #.......     30%         2    ###....
 Sticks to Snakes         Tmut           #.......     30%         2    ###....


Dungeon Overview and Level Annotations

Branches:
Dungeon (1/15)


Innate Abilities, Weirdness & Mutations

You have an increased reservoir of magic. (+10% MP)


Message History

Press: ? - help, Shift-Dir - straight line, f/p - ball python
Aim: a ball python (constricting you)
You shoot a bolt. The bolt hits the ball python!
You kill the ball python!
Firing (i - inventory)
b - 10 bolts (quivered)
Press: ? - help, Shift-Dir - straight line, f - goblin
Aim: a goblin, wielding a +0 short sword and wearing a +0 scale mail (heavily wounded)
You shoot a bolt.
The bolt hits the goblin but does no damage.
The goblin is heavily wounded.
The goblin hits you with a +0 short sword.
* * * LOW HITPOINT WARNING * * *
The rat barely misses you. The goblin hits you but does no damage.
Firing (i - inventory)
b - 9 bolts (quivered)
Press: ? - help, Shift-Dir - straight line, f/p - goblin
Aim: a goblin, wielding a +0 short sword and wearing a +0 scale mail (heavily wounded)
You shoot a bolt. The bolt barely misses the goblin.
The rat bites you but does no damage.
The goblin hits you with a +0 short sword.
You die...

#.#######.#.# #.
#.# #.......#
#..#
#.###..##.......
#
#..........####.#
# #####..#..## #
#..##.# # #.....#
#####
######.######.#
#≈≈.#
#(....g@......#
#≈≈.#
#.####r########
#≈..# .(. #≈..'
#..( #≈..# .(...
#≈≈.# .##...
#≈≈.# . ..##
##### !($ # #


You could see a goblin and a rat.

Vanquished Creatures
  An ooze (D:1)
  A leopard gecko (D:1)
  3 bats (D:1)
  2 giant cockroaches (D:1)
  2 goblins (D:1)
  2 hobgoblins (D:1)
  A ball python (D:1)
  A kobold (D:1)
  3 rats (D:1)
16 creatures vanquished.

Notes
Turn   | Place    | Note
-------+----------+-------------------------------------------
     0 | D:1      | Banto the Demigod Wanderer began the quest for the Orb.
     0 | D:1      | Banto set off with the following items: a +2 hand crossbow,
                  | 26 bolts, a scroll of teleportation, a +0 robe, a ration;
                  | and the following spells available to memorise: Passwall,
                  | Sticks to Snakes
     0 | D:1      | Reached XP level 1. HP: 16/16 MP: 5/5
   101 | D:1      | Reached XP level 2. HP: 16/23 MP: 7/7
   226 | D:1      | HP: 1/23 [goblin/+0 short sword (4)]
   227 | D:1      | Slain by a goblin

Skill      XL: |  1 |
---------------+----+-----
Spellcasting   | 2 |  2.4
Fighting       | |  1.3
Crossbows      | |  1.4
Armour         | |  1.0
Summonings     | |  2.6
Evocations     | |  1.7

Action                   || total
-------------------------++-------
 Fire: Hand crossbow     ||    40
Armor: Robe              ||     3
Dodge: Dodged            ||    11
